 Dungeon Crawl Stone Soup version 0.14-a0-1974-gdb6e453 (webtiles) character file.

78 4tharraofdagon the Vexing (level 3, -4/16 HPs)
             Began as a Spriggan Enchanter on Jan 18, 2014.
             Shot with an arrow of frost by a centaur (15 damage)
             ... on Level 5 of the Dungeon.
             The game lasted 00:02:34 (335 turns).

4tharraofdagon the Vexing (Spriggan Enchanter)       Turns: 335, Time: 00:02:34

HP  -4/16        AC  3     Str  5      XL: 3   Next: 41%
MP   1/11        EV 18     Int 16      God:
Gold 34          SH  0     Dex 16      Spells:  3 memorised,  2 levels left

rFire  . . .     SeeInvis +     a - +1 dagger
rCold  . . .     Clarity  .     b - +1 robe
rNeg   . . .     Conserve .     (shield restricted)
rPois  .         rCorr    .     (helmet restricted)
rElec  .         rRot     .     (no cloak)
SustAb . .       Spirit   .     (gloves unavailable)
rMut   .         Warding  .     (boots unavailable)
Saprov . . .     Stasis   .     (no amulet)
MR     .....                    (no ring)
                                (no ring)

@: very quick, not resistant to hostile enchantments, stealthy
A: unfitting armour, see invisible, herbivore 3, speed 3, slow metabolism 2
a: no special abilities


You were on level 5 of the Dungeon.
You were not hungry.

You visited 1 branch of the dungeon, and saw 5 of its levels.

You collected 34 gold pieces.

Inventory:

Hand weapons
 a - a +1,+1 dagger (weapon)
Missiles
 d - 12 darts (quivered)
Armour
 b - a +1 robe (worn)
Comestibles
 h - 2 bread rations
Scrolls
 f - a scroll of identify {unknown}
 i - a scroll of enchant weapon I {unknown}
 j - a scroll of fog {unknown}
 k - a scroll of enchant weapon II {unknown}
Potions
 g - a potion of restore abilities {unknown}
 l - 2 potions of curing
Books
 c - a book of Maledictions

   Spells                             Type                      Level
   *Corona                            Hexes                        1
   Sure Blade                         Hexes/Charms                 2
   *Ensorcelled Hibernation           Hexes/Ice                    2
   *Confuse                           Hexes                        3
   Enslavement                        Hexes                        4
   Invisibility                       Hexes                        6


   Skills:
 * Level 2.2 Short Blades
 - Level 1.1 Throwing
 + Level 3.4 Dodging
 + Level 3.7 Stealth
 + Level 3.3 Spellcasting
 + Level 3.9 Hexes


You had 2 spell levels left.
You knew the following spells:

 Your Spells              Type           Power        Failure   Level  Hunger
a - Corona                Hex            ###....      4%          1    None
b - Ensorcelled Hibernat  Hex/Ice        #.....       14%         2    ##.....
c - Confuse               Hex            ###.....     12%         3    ###....


Dungeon Overview and Level Annotations

Branches:
Dungeon (5/16)
 Temple: D:4-7

Altars:

Annotations:
D:3 4tharraofdagon's ghost, weakling SpEn
D:4 Sigmund


Innate Abilities, Weirdness & Mutations

You are tiny and cannot use many weapons and most armour.
You have supernaturally acute eyesight.
You are a herbivore.
You cover ground extremely quickly.
You need consume almost no food.


Message History

Aim: an ice beast (heavily wounded)
The ice beast is unaffected.
The worker ant misses you.
You see here 23 bolts.
Casting: Ensorcelled Hibernation
Confirm with . or Enter, or press ? or * to list all spells.
Aiming: Ensorcelled Hibernation
Press: ? - help, Shift-Dir - straight line, f/p - ice beast
Aim: an ice beast (heavily wounded)
The worker ant resists.
A centaur comes into view.
Found a stone staircase leading down.
An orc comes into view. It is wielding an orcish flail.
There is a stone staircase leading down here.
The centaur shouts!
The centaur wields a bow.
The centaur shoots an arrow of frost.
The arrow of frost hits you!
Your potion of porridge freezes and shatters!
Ouch! That really hurt!
You die...

#### ##############
#..# #............#
#..# #............#
#..# #.....@......#
#..# #....a.......#
#..# #...........o#
#..# #............#
#..# #............#
#..# #............ ..#
###..######I........c.
#..#
.....................
#..##
.....................
.....


You could see an ice beast, a centaur, a worker ant and an orc (wandering).

Vanquished Creatures
  A hound (D:5)
  An adder (D:3)
  A giant mite (D:2)
  A bat (D:4)
  A kobold (D:1)
5 creatures vanquished.

Notes
Turn   | Place    | Note
--------------------------------------------------------------
     0 | D:1      | 4tharraofdagon, the Spriggan Enchanter, began the quest for the Orb.
     0 | D:1      | Reached XP level 1. HP: 9/9 MP: 4/4
    75 | D:3      | Noticed 4tharraofdagon's ghost (weakling SpEn)
    78 | D:3      | Reached XP level 2. HP: 13/13 MP: 6/8
   107 | D:3      | Learned a level 2 spell: Ensorcelled Hibernation
   137 | D:4      | Noticed Sigmund
   149 | D:5      | Entered Level 5 of the Dungeon
   149 | D:5      | Noticed an ice beast
   193 | D:5      | Reached XP level 3. HP: 7/16 MP: 4/11
   210 | D:5      | Learned a level 3 spell: Confuse
   326 | D:5      | Noticed a centaur
   335 | D:5      | Shot with an arrow of frost by a centaur

Action                   || total
-------------------------++-------
Melee: Dagger            ||    19
 Cast: Corona            ||     2
       Ensorcelled Hiber ||     8
       Confuse           ||     2
  Use: Potion            ||     1
 Stab: Sleeping          ||     5
